 Dungeon Crawl Stone Soup version 0.23.2-33-g5129a83184 (webtiles) character file.

Game seed: 108895620502808363

117 H0rd4k the Charlatan (level 5, -10/37 HPs)
             Began as a Human Artificer on July 25, 2019.
             Mangled by an ogre
             ... wielding a +0 giant club
              (16 damage)
             ... on level 5 of the Dungeon.
             The game lasted 00:05:23 (4245 turns).

H0rd4k the Charlatan (Human Artificer)              Turns: 4245, Time: 00:05:23

Health: -10/37     AC:  3    Str: 13    XL:     5   Next: 22%
Magic:  7/7        EV: 12    Int: 12    God:
Gold:   119        SH:  0    Dex: 13    Spells: 4/4 levels left

rFire    . . .     SeeInvis .   a - +0 short sword
rCold    . . .     Gourm    .   (no shield)
rNeg     . . .     Faith    .   b - +0 leather armour
rPois    .         Spirit   .   (no helmet)
rElec    .         Reflect  .   (no cloak)
rCorr    .         Harm     .   (no gloves)
MR       .....                  (no boots)
Stlth    +.........             (no amulet)
HPRegen  0.12/turn              (no ring)
MPRegen  0.10/turn              (no ring)

@: no status effects
A: no striking features
a: no special abilities


You were on level 5 of the Dungeon.
You were not hungry.

You visited 1 branch of the dungeon, and saw 5 of its levels.

You collected 119 gold pieces.

Inventory:

Hand Weapons
 a - a +0 short sword (weapon)
 s - a +0 blowgun
Missiles
 m - 7 tomahawks of returning (quivered)
 r - 43 sling bullets
Armour
 b - a +0 leather armour (worn)
Jewellery
 o - an uncursed ring of protection from fire {unknown}
 q - a +2 amulet of reflection {unknown}
Wands
 c - a wand of flame (15)
 d - a wand of enslavement (15)
 e - a wand of random effects (4)
Scrolls
 g - 3 scrolls of enchant armour {unknown}
 j - 5 scrolls of identify {unknown}
 l - 2 scrolls of enchant weapon {unknown}
 t - a scroll of immolation {unknown}
 w - a scroll of teleportation {unknown}
 x - a scroll of remove curse {unknown}
Potions
 h - 3 potions of curing {unknown}
 k - a potion of haste {unknown}
 n - a potion of might {unknown}
 p - a potion of heal wounds {unknown}
 u - 3 potions of berserk rage {unknown}
 v - a potion of magic {unknown}
 z - a potion of degeneration {unknown}
Comestibles
 f - 5 rations


   Skills:
 + Level 1.6 Fighting
 + Level 2.3 Short Blades
 + Level 1.3 Throwing
 + Level 1.3 Armour
 + Level 2.6 Dodging
 + Level 1.0 Stealth
 + Level 3.6 Evocations


You had 4 spell levels left.
You didn't know any spells.
Your spell library contained the following spells:

 Spells                   Type           Power        Failure   Level  Hunger
 Animate Skeleton         Necr           N/A          38%         1    ##.....
 Pain                     Necr           #...         38%         1    ##.....
 Regeneration             Chrm/Necr      #.........   77%         3    ####...
 Vampiric Draining        Necr           #.........   77%         3    ####...
 Animate Dead             Necr           N/A          99%         4    #####..


Dungeon Overview and Level Annotations

Branches:
Dungeon (5/15)
 Temple: D:4-7

Altars:
Okawaru
Uskayaw
Yredelemnul
Zin

Shops:
D:4 }(

Annotations:
D:1 exclusion: downstairs
D:3 exclusion: 2 downstairs
D:4 Eustachio


Message History

You throw a tomahawk. The tomahawk barely misses the ogre.
Wield which item (- for none, * to show all)? (? for menu, Esc to quit)
a - a +0 short sword (weapon)
The ogre hits you with a +0 giant club!
You closely miss the ogre.
The ogre is heavily wounded.
The ogre misses you.
You hit the ogre.
The ogre is heavily wounded.
You hit the ogre.
The ogre is severely wounded.
The ogre closely misses you.
You hit the ogre.
The ogre is almost dead.
The ogre hits you with a +0 giant club!
* * * LOW HITPOINT WARNING * * *
You barely miss the ogre.
The ogre is almost dead.
The ogre hits you with a +0 giant club!
You die...

..............
.............
............
##...........
#............
#............
##............
#.....@.......
......O........
...............
....(..........
...(...........
...............
#((............
#..............


You could see an ogre.

Vanquished Creatures
  An iguana (D:4)
  An adder (D:4)
  2 worms (D:2)
  3 dart slugs
  3 leopard geckos
  7 orcs (D:3)
  6 giant cockroaches
  8 goblins
  4 hobgoblins
  2 jackals (D:2)
  3 quokkas
  2 ball pythons
  4 bats
  2 frilled lizards
  6 kobolds
  3 rats
57 creatures vanquished.

Notes
Turn   | Place    | Note
-------+----------+-------------------------------------------
     0 | D:1      | H0rd4k the Human Artificer began the quest for the Orb.
     0 | D:1      | Reached XP level 1. HP: 15/15 MP: 3/3
   170 | D:1      | Reached XP level 2. HP: 2/21 MP: 4/4
  1101 | D:2      | Reached XP level 3. HP: 26/26 MP: 5/5
  2070 | D:2      | Reached XP level 4. HP: 12/32 MP: 6/6
  2619 | D:3      | Reached skill level 1 in Armour
  3286 | D:3      | Found an iron altar of Okawaru.
  3286 | D:3      | Found a basalt altar of Yredelemnul.
  3377 | D:3      | Found a hide-covered altar of Uskayaw.
  3426 | D:3      | Reached skill level 1 in Throwing
  3689 | D:4      | Noticed Eustachio
  3747 | D:4      | Reached XP level 5. HP: 27/37 MP: 7/7
  3842 | D:4      | Found a glowing silver altar of Zin.
  3876 | D:4      | Found Ypiulo's Antique Weapon Shoppe.
  3896 | D:4      | Found Qonuufixi's Gadget Emporium.
  3911 | D:4      | Noticed a centaur
  4233 | D:5      | Entered Level 5 of the Dungeon
  4233 | D:5      | Noticed an ogre
  4245 | D:5      | Mangled by an ogre

Skill      XL: |  1  2  3  4 |
---------------+-------------+-----
Short Blades   | 2 |  2.3
Armour         | 1 |  1.3
Throwing       | 1 |  1.3
Fighting       | |  1.6
Dodging        | |  2.6
Stealth        | |  1.0
Evocations     | |  3.6

Action                   |  1- 3 |  4- 6 || total
-------------------------+-------+-------++-------
Melee: Short sword       |   185 |   144 ||   329
 Fire: Blowgun           |       |     2 ||     2
Throw: Tomahawk          |       |     3 ||     3
Evoke: Wand              |       |    11 ||    11
 Stab: Sleeping          |     1 |     1 ||     2
  Eat: Chunk             |     3 |     4 ||     7
       Ration            |       |     1 ||     1
Armor: Leather armour    |    43 |    31 ||    74
Dodge: Dodged            |   120 |    81 ||   201
